 Dungeon Crawl Stone Soup version 0.18-a0-1551-g40744a8 (webtiles) character file.

155 mopl the Ruffian (level 5, 0/45 HPs)
             Began as a Ghoul Monk on Mar 11, 2016.
             Was an Initiate of Ru.
             Hit by a tomahawk thrown by an orc (5 damage)
             ... on level 3 of the Dungeon.
             The game lasted 00:03:55 (1879 turns).

mopl the Ruffian (Ghoul Monk)                       Turns: 1879, Time: 00:03:55

Health: 0/45       AC:  5    Str: 15    XL:     5   Next: 37%
Magic:  13/13      EV: 12    Int:  5    God:    Ru [......]
Gold:   74         SH:  0    Dex: 12    Spells: 0 memorised, 4 levels left

rFire  . . .     SeeInvis .       - Unarmed
rCold  + . .     Gourm    .     a - +0 robe
rNeg   + + +     Faith    +     (no shield)
rPois  ∞         Spirit   .     (no helmet)
rElec  .         Dismiss  .     f - +2 cloak
rCorr  .         Reflect  .     (no gloves)
SustAt .         Harm     .     (no boots)
MR     .....                    h - amulet of faith {!P}
Stlth  ++........               (no ring)
                                o - ring of magical power

@: rotting, not resistant to hostile enchantments, unstealthy
A: rotting body, claws 1, carnivore 3, cold resistance 1, negative energy
resistance 3, slow regeneration 1, torment resistance, unbreathing
a: Renounce Religion


You were on level 3 of the Dungeon.
You worshipped Ru.
Ru was noncommittal.
You were not hungry.

You visited 1 branch of the dungeon, and saw 3 of its levels.

You collected 74 gold pieces.

Inventory:

Missiles
 p - 5 tomahawks (quivered)
 s - 6 javelins
Armour
 a - a +0 robe (worn)
 f - a +2 cloak (worn)
 k - a +0 ring mail
Jewellery
 h - an amulet of faith (around neck) {!P}
 o - a ring of magical power (left claw)
Wands
 v - a wand of slowing (37/48)
Scrolls
 d - 4 scrolls of amnesia {unknown}
 e - a scroll of random uselessness {unknown}
 i - 3 scrolls of identify {unknown}
 l - a scroll of fear {unknown}
 n - a scroll of immolation {unknown}
Potions
 c - a potion of cancellation {unknown}
 g - a potion of curing {unknown}
 j - a potion of resistance {unknown}
 m - 3 potions of degeneration {unknown}
 q - a potion of mutation {unknown}
 r - a potion of agility {unknown}
 t - a potion of ambrosia {unknown}
Comestibles
 b - 3 meat rations
 u - 13 chunks of flesh


   Skills:
 - Level 3.2 Fighting
 - Level 2.6 Dodging
 - Level 2.1 Stealth
 * Level 7.1 Unarmed Combat


You had 4 spell levels left.
You didn't know any spells.

Dungeon Overview and Level Annotations

Branches:
Dungeon (3/15)

Altars:
Ru
The Shining One


Innate Abilities, Weirdness & Mutations

Your body is rotting away.
You thrive on raw meat.
You are immune to poison.
You have sharp fingernails.
You are carnivorous and can eat meat at any time.
Your flesh is cold resistant.
You are immune to negative energy.
You regenerate slowly when monsters are visible.
You are immune to unholy pain and torment.
You can survive without breathing.


Message History

The orc hits you with a mace.
You barely miss the orc wizard. The orc wizard closely misses you.
You barely miss the orc wizard. The orc hits you with a mace.
The orc wizard mumbles some strange words.
The orc wizard flickers and vanishes!
Deactivating autopickup; reactivate with Ctrl-A.
You scratch the orc.
The orc is lightly wounded.
The orc priest calls down the wrath of Beogh upon you.
Beogh smites you!
The orc priest mumbles some strange prayers to Beogh against you.
Beogh smites you!
* * * LOW HITPOINT WARNING * * *
The orc hits you but does no damage.
You hear some strange, mumbled words.
A magic dart appears from out of thin air!
The magic dart hits you!
* * * LOW HITPOINT WARNING * * *
The orc throws a tomahawk.
The tomahawk hits you.
You die...

.. #.... #. #....
##.### #.... .....
#.... ...# #....
#oo# #.... #o{# #
#.#####.... #.###.#
#......####
#.@...########.#
##.##....# #)#
#..#.##.# #.#
##......# #.#
#.#....#####.#
#.#.......##.###
####.....###.##...##
#(........##.####.#.
##.#...##...........


You could see 2 orc priests and an orc.

Vanquished Creatures
  An orc priest (D:3)
  3 adders (D:2)
  2 worms (D:2)
  3 dart slugs
  A giant gecko (D:2)
  6 orcs (D:3)
  6 bats
  7 giant cockroaches
  11 hobgoblins
  7 jackals
  8 kobolds
  A quokka (D:3)
  3 ball pythons
  4 giant newts
  4 goblins
  10 rats
77 creatures vanquished.

Notes
Turn   | Place    | Note
--------------------------------------------------------------
     0 | D:1      | mopl the Ghoul Monk began the quest for the Orb.
     0 | D:1      | Reached XP level 1. HP: 19/19 MP: 0/0
   309 | D:1      | Reached XP level 2. HP: 26/26 MP: 1/1
   360 | D:1      | Reached skill level 5 in Unarmed Combat
   508 | D:1      | Reached XP level 3. HP: 29/31 MP: 2/2
  1068 | D:2      | Reached skill level 6 in Unarmed Combat
  1068 | D:2      | Reached XP level 4. HP: 26/38 MP: 3/3
  1247 | D:2      | Found a glowing golden altar of the Shining One.
  1703 | D:3      | Reached skill level 7 in Unarmed Combat
  1703 | D:3      | Reached XP level 5. HP: 42/45 MP: 4/4
  1769 | D:3      | Found a sacrificial altar of Ru.
  1812 | D:3      | Became a worshipper of Ru the Awakened
  1879 | D:3      | Hit by a tomahawk thrown by an orc

Vault maps used:
D:1:      dpeg_arrival_fog
D:2:      old_standard_altar
D:3:      lemuel_coloured_pillars_altar, hangedman_ru_absence

Skill      XL: |  1  2  3  4 |
---------------+-------------+-----
Unarmed Combat | 5 6 7 |  7.1
Fighting       | |  3.2
Dodging        | |  2.6
Stealth        | |  2.1

Action                   |  1- 3 |  4- 6 || total
-------------------------+-------+-------++-------
Melee: Unarmed           |   125 |   104 ||   229
 Stab: Sleeping          |     4 |     4 ||     8
  Eat: Chunk             |     1 |     3 ||     4
